 Dungeon Crawl Stone Soup version 0.30.1-9-gdf580d7c3d (webtiles) character file.

Game seed: 1942445793819994438

66 TekDriveTruck the Digger (level 4, -2/36 HPs)
             Began as a Gargoyle Earth Elementalist on Oct 17, 2023.
             Slain by Terence
             ... wielding a +2 mace
              (5 damage)
             ... on level 3 of the Dungeon.
             The game lasted 00:04:23 (2567 turns).

TekDriveTruck the Digger (GrEE)                     Turns: 2567, Time: 00:04:23

Health: -2/36      AC: 22    Str:  9    XL:     4   Next: 15%
Magic:  3/7        EV:  2    Int: 18    God:
Gold:   126        SH:  3    Dex: 10    Spells: 7/8 levels left

rFire   . . .        d - +0 mace
rCold   . . .        o - +0 buckler
rNeg    + . .        a - melded +0 robe
rPois   ∞            (helmet currently unavailable)
rElec   .            (cloak currently unavailable)
rCorr   .            (gloves currently unavailable)
SInv    .            (boots currently unavailable)
Will    .....        (no amulet)
Stlth   ++           (no ring)
HPRegen 0.26/turn    (no ring)
MPRegen 0.10/turn

%: no passive effects
@: tree-form
A: stationary, stasis, torment immunity, boosted hp, sickness immunity, AC +3,
negative energy resistance 1, (electricity resistance), torment resistance 1,
petrification resistance, passive freeze, weak 1
a: no special abilities


You were on level 3 of the Dungeon.
You were a tree.
You visited 1 branch of the dungeon, and saw 3 of its levels.

You collected 126 gold pieces.

Inventory:

Hand Weapons
 d - a +0 mace (weapon)
Armour
 a - a +0 robe (melded)
 o - a +0 buckler (worn)
Wands
 w - a wand of polymorph (8)
Scrolls
 c - 2 scrolls of noise {unknown}
 e - 5 scrolls of identify {unknown}
 i - a scroll of teleportation {unknown}
 k - a scroll of blinking {unknown}
 l - a scroll of magic mapping {unknown}
 n - 2 scrolls of immolation {unknown}
 s - a scroll of poison {unknown}
 u - a scroll of amnesia {unknown}
 v - a scroll of torment {unknown}
Potions
 b - a potion of magic
 f - a potion of cancellation {unknown}
 g - 2 potions of degeneration {unknown}
 h - a potion of curing {unknown}
 j - a potion of brilliance {unknown}
 m - a potion of heal wounds {unknown}
 p - a potion of mutation
 q - 2 potions of attraction {unknown}
 r - a potion of lignification
 t - a potion of invisibility {unknown}


   Skills:
 - Level 1.5 Dodging
 - Level 2.1 Stealth
 + Level 2.5 Spellcasting
 + Level 1.6 Transmutations
 * Level 4.9 Earth Magic


You had 7 spell levels left.
You knew the following spells:

 Your Spells              Type           Power      Damage    Failure   Level
a - Sandblast             Erth           40%        2d10      3%          1

Your spell library contained the following spells:

 Spells                   Type           Power      Damage    Failure   Level
 Passwall                 Tmut/Erth      11%        N/A       11%         2
 Magic Dart               Conj           8%         1d3       26%         1
 Stone Arrow              Conj/Erth      22%        3d8       28%         3
 Searing Ray              Conj           4%         2d4       38%         2
 Petrify                  Tmut/Erth      14%        N/A       56%         4
 Fulminant Prism          Conj/Hex       1%         3d5       95%         4


Dungeon Overview and Level Annotations

Branches:
Dungeon (3/15)

Altars:
Sif Muna

Annotations:
D:3 4 runed translucent doors, Crazy Yiuf; TekDriveTruck's ghost, amateur GnFi; Terence; turdburglar's ghost, amateur TrEE


Innate Abilities, Weirdness & Mutations

You are a tree.
Your roots penetrate the ground, keeping you stationary.
You cannot be teleported.
You are immune to unholy pain and torment.
Your maximum health is greatly increased.
Your equipment is partially melded.
You are immune to sickness and miasma.
((Your stone body is resilient. (AC +3)))
You are immune to poison.
You resist negative energy. (rN+)
((You are resistant to electric shocks. (rElec)))
You are resistant to unholy torment.
You are immune to petrification.
A frigid envelope surrounds you and freezes all who hurt you.
You are weak. (Str -2)


Message History

Press: ? - help, Q - select action, (/) - cycle Shift-Dir - straight line, f - white imp
Aim: a white imp (82% to hit)
The blast of sand misses the white imp.
The white imp closely misses you.
Aiming: Sandblast (safe; 3% risk of failure)
Press: ? - help, Q - select action, (/) - cycle Shift-Dir - straight line, f/p - white imp
Aim: a white imp (82% to hit)
The blast of sand hits the white imp.
The white imp is heavily wounded.
The white imp gestures at you. The puff of frost hits you.
Aiming: Sandblast (safe; 3% risk of failure)
Press: ? - help, Q - select action, (/) - cycle Shift-Dir - straight line, f/p - white imp
Aim: a white imp (heavily wounded, 82% to hit)
The blast of sand hits the white imp but does no damage.
The white imp is heavily wounded.
The white imp misses you. The white imp closely misses you.
Aiming: Sandblast (safe; 3% risk of failure)
Press: ? - help, Q - select action, (/) - cycle Shift-Dir - straight line, f/p - white imp
Aim: a white imp (heavily wounded, 82% to hit)
The blast of sand hits the white imp!
You kill the white imp!
Unknown command.
Terence the Incautious comes into view.
He is wielding a +2 mace.
Terence shouts!
Terence attacks as you move away! Terence hits you with a +2 mace!
Aiming: Sandblast (safe; 3% risk of failure)
Press: ? - help, Q - select action, (/) - cycle Shift-Dir - straight line, f - Terence
Aim: Terence, wielding a +2 mace and wearing a +0 chain mail (87% to hit)
The blast of sand misses Terence.
You block Terence's attack. Terence hits you with a +2 mace!
* * * LOW HITPOINT WARNING * * *
You see here Sif Muna's Folio of Resurrection.
It was a potion of mutation.
You feel extremely strange.
You feel weaker.
Your skin feels very cold.
Terence barely misses you.
It was a potion of lignification.
You turn into a tree.
Your +0 robe melds into your body.
Your roots penetrate the ground.
Terence hits you with a +2 mace.
You die...

####.##.# ##
##.(..##.# #..
##...##<#.#
..###...+.#.#.#
#∩#...##.#.#.#
##...## .#.#.#
###...## .#.#.#
#.@..## .#.#.#
#_♣.## .#.#.#
#..## #.#.#
#### #...#
#.### #.# #.#
#.# ###


You could see Terence.

Vanquished Creatures
  2 adders
  A white imp (D:3)
  A worm (D:2)
  4 endoplasms (D:2)
  2 goblins
  7 hobgoblins
  2 quokkas
  6 ball pythons
  2 bats
  3 kobolds
  7 rats
37 creatures vanquished.

Notes
Turn   | Place    | Note
-------+----------+-------------------------------------------
     0 | D:1      | TekDriveTruck the Gargoyle Earth Elementalist began the
                  | quest for the Orb.
     0 | D:1      | Reached XP level 1. HP: 10/10 MP: 3/3
   143 | D:1      | Reached skill level 1 in Transmutations
   207 | D:1      | Reached skill level 4 in Earth Magic
   207 | D:1      | Reached XP level 2. HP: 15/15 MP: 5/5
  1201 | D:2      | Reached XP level 3. HP: 19/19 MP: 4/6
  2167 | D:3      | Found a runed translucent door.
  2168 | D:3      | Noticed Crazy Yiuf
  2330 | D:3      | Reached XP level 4. HP: 24/24 MP: 3/7
  2368 | D:3      | Found a runed translucent gate.
  2369 | D:3      | Found a runed translucent gate.
  2371 | D:3      | Found a runed translucent gate.
  2372 | D:3      | Noticed turdburglar's ghost (amateur TrEE)
  2372 | D:3      | Noticed TekDriveTruck's ghost (amateur GnFi)
  2554 | D:3      | Found a shimmering blue altar of Sif Muna.
  2561 | D:3      | Noticed Terence
  2564 | D:3      | HP: 1/24 [Terence/+2 mace (8)]
  2566 | D:3      | Gained mutation: You are weak. (Str -2) [potion of
                  | mutation]
  2566 | D:3      | Gained mutation: A frigid envelope surrounds you and
                  | freezes all who hurt you. [potion of mutation]
  2567 | D:3      | Slain by Terence

Illustrated notes

Levels and vault maps discovered:
D:1:      lightli_arrival_chessboard, layout_loops_ring,
          chequers_serial_rivers_room_a, feat_on_display
D:2:      layout_basic, grunt_decor_clamped
D:3:      layout_basic, nzn_overflow_gifts_of_might_and_magic,
          gammafunk_ghost_cemetery, serial_shops, shop, uniq_jessica,
          uniq_crazy_yiuf_cottage, uniq_ijyb

Skill      XL: |  1 |
---------------+----+-----
Transmutations | 1 |  1.6
Earth Magic    | 4 |  4.9
Dodging        | |  1.5
Stealth        | |  2.1
Spellcasting   | |  2.5

Action                     |  1- 3 |  4- 6 || total
---------------------------+-------+-------++-------
  Melee: Mace              |    23 |       ||    23
   Cast: Sandblast         |    40 |     7 ||    47
    Use: Potion            |       |     2 ||     2
   Stab: Sleeping          |     2 |       ||     2
 Armour: Robe              |    13 |       ||    13
  Dodge: Dodged            |    26 |     4 ||    30
  Block: Buckler           |       |     1 ||     1
